Map: Ice and Chrome LE

Players

Nina - Winner!

  • Race: Protoss Protoss
  • League: Grandmaster
  • Spawn Location: 7:00

Semper

  • Race: Protoss Protoss
  • Spawn Location: 1:00

Event: DreamHack SC2 Masters 2020 Summer North America

VOD

Have the link to the VOD?

Description

Time

  • Played on: July 4, 2020, 5:51 p.m.
  • Length: 10:26

All games in this series

Show
View Real Time Build Order
Export as new Build Order

Nina Protoss - Winner!

Build Orders:  

Get SALT Encoding   

  12  0:00  Probe  
  13  0:12  Probe  
  14  0:18  Pylon  
  14  0:24  Probe  
  15  0:32  Probe  
  15  0:38  Gateway  
  15  0:40  Probe  
  17  0:50  Assimilator  
  17  0:51  Probe  
  18  0:58  Assimilator  
  18  1:01  Probe  
  19  1:09  Probe  
  19  1:12  Gateway  
  19  1:17  Probe  
  21  1:27  Cybernetics Core  
  21  1:29  Probe  
  22  1:41  Probe  
  22  1:44  Pylon  
  23  2:03  Probe  
  23  2:04  Stalker  
  23  2:06  Pylon  
  26  2:12  Stalker  
  29  2:15  Probe  
  29  2:23  Pylon  
  29  2:28  Probe  
  30  2:31  Warp Gate  
  30  2:43  Stalker  
  33  2:49  Nexus  
  33  2:50  Probe  
  33  2:56  Stalker  
  35  3:02  Probe  
  35  3:13  Pylon  
  35  3:14  Probe  
  35  3:19  Stalker  
  38  3:26  Probe  
  39  3:29  Robotics Facility  
  39  3:38  Probe  
  39  3:40  Twilight Council  
  40  3:50  Stalker  
  40  3:53  Shield Battery  
  42  3:56  Probe  
  42  4:01  Probe  
  44  4:07  Blink  
  44  4:08  Probe  
  45  4:13  Probe  
  46  4:18  Probe  
  46  4:21  Probe  
  47  4:29  Stalker  
  47  4:42  Stalker, Probe  
  46  4:47  Probe  
  47  4:53  Observer  
  47  4:54  Probe  
  47  4:59  Probe  
  50  5:00  Stalker  
  50  5:06  Probe  
  53  5:07  Probe  
  53  5:08  Stalker  
  56  5:15  Probe  
  56  5:18  Gateway, Probe  
  58  5:22  Pylon  
  58  5:26  Probe  
  58  5:27  Stalker  
  61  5:30  Probe  
  61  5:38  Probe  
  61  5:42  Stalker, Probe  
  60  5:48  Observer  
  62  5:50  Probe  
  62  5:51  Stalker  
  62  5:53  Observer  
  62  5:54  Probe  
  66  5:58  Pylon  
  66  6:00  Probe  
  67  6:06  Probe  
  67  6:08  Probe  
  67  6:09  Pylon  
  67  6:10  Assimilator  
  68  6:16  Probe  
  69  6:18  Probe  
  69  6:22  Assimilator  
  71  6:30  Probe  
  68  6:34  Probe  
  67  6:43  Probe  
  67  6:45  Stalker  
  67  6:46  Stalker x2  
  70  7:03  Probe  
  70  7:05  Nexus  
  70  7:08  Pylon  
  71  7:11  Pylon  
  69  7:16  Stalker x3  
  69  7:17  Probe  
  69  7:19  Gateway  
  69  7:20  Gateway  
  69  7:22  Gateway  
  76  7:23  Gateway  
  68  7:42  Stalker x3  
  68  7:43  Probe  
  71  7:47  Charge, Pylon  
  71  7:52  Observer  
  71  7:53  Forge  
  71  7:56  Probe  
  71  8:15  Stalker x3  
  71  8:16  Stalker x2  
  71  8:17  Probe  
  71  8:19  Observer  
  82  8:21  Stalker x2  
  82  8:22  Probe x2  
  88  8:27  Photon Cannon  
  88  8:29  Probe  
  89  8:34  Photon Cannon  
  89  8:37  Warp Prism  
  89  8:43  Photon Cannon  
  91  8:53  Stalker  
  93  8:56  Stalker  
  93  8:58  Stalker  
  93  9:00  Zealot  
  99  9:06  Stalker  
  99  9:07  Stalker  
  103  9:13  Dark Shrine  
  103  9:14  Stalker  
  105  9:18  Stalker  
  105  9:22  Stalker  
  109  9:27  Assimilator  
  109  9:33  Gateway  
  109  9:37  Stalker x3  
  115  9:40  Stalker  
  115  9:45  Pylon  
  107  9:56  Stalker x3  
  103  10:07  Stalker x4  
Show
View Real Time Build Order
Export as new Build Order

Semper Protoss 

Build Orders:  

Get SALT Encoding   

  12  0:00  Probe  
  13  0:12  Probe  
  14  0:18  Pylon  
  14  0:24  Probe  
  15  0:32  Probe  
  15  0:37  Gateway  
  15  0:40  Probe  
  16  0:46  Assimilator  
  17  0:51  Probe  
  17  0:54  Assimilator  
  18  1:00  Probe  
  19  1:08  Probe  
  19  1:11  Gateway  
  20  1:18  Probe  
  20  1:24  Cybernetics Core  
  21  1:30  Probe  
  22  1:33  Pylon  
  22  1:42  Probe  
  23  1:53  Warp Gate  
  23  2:00  Pylon  
  23  2:02  Adept  
  23  2:04  Stalker  
  27  2:09  Probe  
  28  2:16  Pylon  
  28  2:25  Probe  
  29  2:30  Pylon  
  29  2:37  Adept  
  31  2:48  Adept, Probe  
  31  2:51  Nexus  
  34  2:56  Pylon  
  34  3:07  Shield Battery, Probe  
  35  3:13  Adept  
  35  3:17  Adept  
  39  3:21  Probe  
  40  3:34  Twilight Council  
  40  3:36  Probe  
  41  3:50  Probe  
  41  3:55  Adept  
  44  3:56  Adept  
  44  3:59  Probe  
  44  4:02  Probe  
  47  4:06  Forge  
  47  4:07  Blink, Probe  
  48  4:14  Shield Battery  
  48  4:16  Sentry x2  
  53  4:19  Probe  
  53  4:20  Probe  
  55  4:34  Protoss Ground Weapons Level 1  
  53  4:41  Probe x2  
  53  4:47  Phoenix  
  53  4:48  Stalker x2  
  55  4:53  Probe  
  55  4:54  Probe  
  55  4:57  Pylon  
  57  5:05  Probe  
  58  5:09  Assimilator, Robotics Facility  
  58  5:11  Shield Battery  
  58  5:12  Assimilator  
  58  5:16  Stalker  
  58  5:17  Probe x2  
  62  5:22  Gateway  
  62  5:26  Stalker  
  64  5:29  Probe  
  64  5:34  Phoenix  
  59  5:43  Probe  
  59  5:44  Probe  
  59  5:46  Stalker  
  61  5:50  Gateway  
  61  5:52  Gateway  
  61  5:55  Probe  
  61  5:56  Stalker  
  64  5:57  Pylon  
  64  6:03  Observer  
  64  6:06  Gateway, Probe  
  64  6:08  Probe  
  67  6:12  Stalker  
  67  6:16  Pylon  
  69  6:21  Pylon  
  69  6:25  Stalker x2  
  69  6:30  Stalker  
  60  6:44  Stalker  
  52  6:47  Stalker x2  
  52  6:54  Stalker, Probe x2  
  52  6:56  Immortal  
  52  7:01  Stalker  
  52  7:06  Probe x2  
  60  7:12  Stalker x2  
  60  7:18  Probe  
  60  7:19  Probe  
  62  7:23  Stalker  
  64  7:30  Probe  
  64  7:31  Stalker  
  64  7:36  Stalker x2  
  71  7:37  Observer  
  71  7:41  Probe  
  71  7:48  Pylon  
  71  7:49  Protoss Ground Weapons Level 2  
  71  7:50  Stalker  
  70  7:51  Pylon  
  70  7:57  Nexus  
  69  7:58  Pylon  
  69  8:05  Stalker x3  
  70  8:16  Observer  
  70  8:18  Nexus  
  70  8:20  Shield Battery  
  70  8:22  Stalker x2  
  70  8:23  Stalker  
  76  8:30  Probe  
  78  8:34  Observer  
  78  8:35  Stalker  
  78  8:38  Probe  
  81  8:46  Stalker x2  
  85  8:50  Probe  
  85  8:53  Stalker  
  88  9:00  Probe  
  88  9:02  Probe  
  89  9:11  Observer  
  89  9:12  Stalker x2  
  89  9:13  Stalker, Probe  
  96  9:17  Observer  
  96  9:18  Pylon  
  96  9:19  Probe  
  96  9:23  Sentry  
  99  9:28  Observer  
  99  9:29  Probe  
  101  9:46  Stalker  
  101  9:47  Stalker x4  
  101  9:50  Stalker  
  71  10:10  Stalker x5  
Tags
 
Add a new tag
Caveats
  • Supply blocks, unpowered buildings, or Contaminate may cause inaccurate times.
  • Supply counts are checked every 10 seconds.